 Dungeon Crawl Stone Soup version 0.28-a0-476-g0f06bd746f (webtiles) character file.

Game seed: 2303315937281395611

2827 siradein the Skirmisher (level 9, 0/81 HPs)
             Began as a Ghoul Fighter on Sept 17, 2021.
             Was an Initiate of Gozag.
             Slain by an orc warrior (14 damage)
             ... on level 7 of the Dungeon.
             The game lasted 00:29:43 (7160 turns).

siradein the Skirmisher (Ghoul Fighter)             Turns: 7160, Time: 00:29:45

Health: 0/81       AC: 14    Str: 22    XL:     9   Next: 73%
Magic:  8/8        EV: 14    Int:  3    God:    Gozag
Gold:   307        SH:  5    Dex:  9    Spells: 8/8 levels left

rFire   . . .      SeeInvis .   a - +0 war axe
rCold   + . .      Faith    .   c - +0 buckler
rNeg    + + +      Spirit   .   n - +0 plate armour
rPois   ∞          Reflect  .   j - +0 helmet
rElec   .          Harm     .   (no cloak)
rCorr   .          Rampage  .   (no gloves)
Will    .....                   (no boots)
Stlth   ..........              (no amulet)
HPRegen 0.00/turn               i - +4 ring of evasion
MPRegen 0.11/turn               v - +4 ring of evasion

@: gold aura, inhibited regen
A: claws 1, cold resistance 1, negative energy resistance 3, inhibited
regeneration, torment resistance 2
a: Renounce Religion, Potion Petition, Call Merchant, Bribe Branch


You were on level 7 of the Dungeon.
You worshipped Gozag.
Gozag was aware of your devotion.
You visited 2 branches of the dungeon, and saw 8 of its levels.
You also visited: Ossuary.

You collected 399 gold pieces.
You paid 92 gold pieces to Gozag.

Inventory:

Hand Weapons
 a - a +0 war axe (weapon)
 g - a +0 vampiric trident
Missiles
 b - 7 javelins
 o - 6 poisoned darts (quivered)
 p - 7 silver javelins
Armour
 c - a +0 buckler (worn)
 j - a +0 helmet (worn)
 n - a +0 plate armour (worn)
Jewellery
 i - a +4 ring of evasion (left claw)
 k - a ring of willpower
 v - a +4 ring of evasion (right claw)
 w - a ring of resist corrosion
 D - a ring of willpower
Scrolls
 m - a scroll of amnesia
 r - a scroll of brand weapon {unknown}
 s - a scroll of magic mapping {unknown}
 u - a scroll of enchant armour
 y - a scroll of blinking
 A - a scroll of torment
 B - a scroll of enchant weapon
Potions
 d - a potion of might
 e - 3 potions of heal wounds {unknown}
 f - 2 potions of ambrosia {unknown}
 h - 4 potions of haste
 l - 6 potions of curing
 q - 2 potions of flight {unknown}
 t - 5 potions of brilliance {unknown}
 x - a potion of lignification {unknown}
 C - 5 potions of mutation {unknown}
 E - 2 potions of resistance {unknown}
 G - a potion of invisibility {unknown}
 H - a potion of attraction {unknown}


   Skills:
 + Level 7.9 Fighting
 + Level 6.2 Axes
 + Level 6.5 Armour
 + Level 6.5 Shields


You had 8 spell levels left.
You didn't know any spells.
Your spell library contained the following spells:

 Spells                   Type           Power      Damage    Failure   Level
 Foxfire                  Conj/Fire      0%         2x1d4     100%        1
 Sting                    Tmut/Pois      0%         1d3       100%        1
 Ensorcelled Hibernation  Hex/Ice        0%         N/A       100%        2
 Poisonous Vapours        Pois/Air       0%         N/A       100%        2
 Conjure Flame            Conj/Fire      0%         6-21      100%        3
 Inner Flame              Hex/Fire       0%         N/A       100%        3
 Tukima's Dance           Hex            0%         N/A       100%        3
 Flame Wave               Conj/Fire      0%         3d3       100%        4
 Olgreb's Toxic Radiance  Pois           0%         N/A       100%        4
 Irradiate                Conj/Tmut      0%         3d14      100%        5
 Blade Hands              Tmut           Unusable   N/A       N/A         5
 Dragon Form              Tmut           Unusable   N/A       N/A         7

Dungeon Overview and Level Annotations

Branches:
Dungeon (7/15)             Temple (1/1) D:7         Ossuary (visited)

Altars:
Ashenzari
Cheibriados
Dithmenos
Elyvilon
Fedhas
Gozag
Kikubaaqudgha
Makhleb
Nemelex Xobeh
Ru
Sif Muna
Trog
Uskayaw
Xom
Yredelemnul
Zin
The Shining One

Shops:
D:2 (


Innate Abilities, Weirdness & Mutations

You thrive by killing the living.
You are immune to poison.
You have sharp fingernails.
Your flesh is cold resistant. (rC+)
You are immune to negative energy. (rN+++)
You do not regenerate when monsters are visible.
You are immune to unholy pain and torment.


Message History

The steam dragon is severely wounded.
You slash the orc!
You kill the orc!
The steam dragon bites you but does no damage.
The steam dragon claws you but does no damage.
You hit the steam dragon.
The steam dragon is severely wounded.
You hit the orc warrior but do no damage.
The steam dragon breathes steam at you. The ball of steam hits you!!
* * * LOW HITPOINT WARNING * * *
The orc warrior is distracted by your dazzling golden aura.
You block the steam dragon's attack. The steam dragon closely misses you.
The orc warrior shouts!
You hit the steam dragon.
The steam dragon is almost dead.
You hit the orc warrior.
The orc warrior is no longer distracted by gold.
You are engulfed in a cloud of scalding steam.
* * * LOW HITPOINT WARNING * * *
The orc warrior misses you.
The steam dragon is distracted by your dazzling golden aura.
The steam dragon hisses angrily.
As you read the scroll of fear, it crumbles to dust.
You assume a fearsome visage.
The orc warrior looks frightened!
The steam dragon looks frightened!
The steam dragon is no longer distracted by gold.
A steam dragon is nearby!
The steam dragon is distracted by your dazzling golden aura.
The steam dragon is no longer distracted by gold.
Things that are here:
9 gold pieces; a +2 short sword of flaming; a +0 leather armour You barely miss the orc warrior.
Your attack snaps the orc warrior out of its fear.
The orc warrior is severely wounded.
You barely miss the steam dragon.
The steam dragon hisses angrily.
The orc warrior hits you with a +0 war axe!
You die...
Your body crumbles into a pile of gold.

#.. ### ####### # ##
#..D$.# ...( .# #..o@.#
#.#.# .# #.#$#.#
#.#.#####.# # #.#.#.#
#.........#
#.###.###..##...#.#....
#..........##..#.#.#..#
##.#.##.##.#..#.#.#.#.#
###.#.##.##.....#.>.#..#
#....$....####.#.#.#.#.#
#..##.###.# #..#.#.#...


You could see a steam dragon (fleeing) and an orc warrior.

Vanquished Creatures
  3 centaur zombies
  2 ice beasts
  2 ogres
  2 necrophages
  2 centaurs
  A wyvern zombie (D:5)
  10 scorpions
  2 water moccasin zombies (D:6)
  A water moccasin skeleton (D:6)
  A howler monkey (D:4)
  A bullfrog zombie (D:6)
  4 hounds
  2 human zombies (Ossuary)
  An orc priest (D:4)
  Jessica (D:2)
  2 iguanas
  Ijyb (D:3)
  Terence (D:3)
  4 scorpion zombies (Ossuary)
  6 orc wizards
  A hound skeleton (D:5)
  3 mummies (Ossuary)
  9 adders
  7 gnolls
  2 white imps (D:6)
  2 ufetubi (D:6)
  An adder skeleton (D:3)
  2 worms
  4 dart slugs (D:1)
  21 orcs
  8 endoplasms
  3 giant cockroaches
  A gnoll zombie (Ossuary)
  2 goblins
  7 hobgoblins
  3 quokkas (D:2)
  11 ball pythons
  7 bats
  4 frilled lizards
  2 goblin zombies
  2 hobgoblin zombies (Ossuary)
  8 kobolds
  5 orc zombies (Ossuary)
  5 rats
169 creatures vanquished.

Vanquished Creatures (others)
  A killer bee zombie (D:7)
  An orc (D:7)
  A hobgoblin (D:1)
  A quokka zombie (D:7)
  2 plants (D:6)
  2 withered plants (D:1)
8 creatures vanquished.

Grand Total: 177 creatures vanquished

Notes
Turn   | Place    | Note
-------+----------+-------------------------------------------
     0 | D:1      | siradein the Ghoul Fighter began the quest for the Orb.
     0 | D:1      | Reached XP level 1. HP: 19/19 MP: 0/0
    56 | D:1      | Reached XP level 2. HP: 23/26 MP: 1/1
   174 | D:1      | Found a faded altar of an unknown god.
   268 | D:1      | Reached XP level 3. HP: 22/31 MP: 2/2
  1026 | D:2      | Reached XP level 4. HP: 36/40 MP: 3/3
  1157 | D:2      | Found Imeq's Weapon Boutique.
  1261 | D:2      | Found a shimmering blue altar of Sif Muna.
  1291 | D:2      | Reached skill level 4 in Fighting
  1741 | D:3      | Noticed Jessica
  1764 | D:2      | Killed Jessica
  1765 | D:2      | Reached XP level 5. HP: 20/46 MP: 4/4
  2029 | D:3      | Noticed Terence
  2082 | D:3      | Killed Terence
  2289 | D:3      | Noticed Ijyb
  2306 | D:3      | Killed Ijyb
  2307 | D:3      | Reached XP level 6. HP: 43/53 MP: 5/5
  2525 | D:3      | Found a shimmering altar of Xom.
  2837 | D:4      | Reached skill level 5 in Fighting
  2992 | D:4      | Found a broken altar of Ashenzari.
  3014 | D:4      | Found a shadowy altar of Dithmenos.
  3039 | D:4      | Reached XP level 7. HP: 61/61 MP: 6/6
  3045 | D:4      | Found a basalt altar of Yredelemnul.
  3638 | D:5      | Entered Level 5 of the Dungeon
  3662 | D:5      | Found an ancient bone altar of Kikubaaqudgha.
  4148 | D:5      | Reached XP level 8. HP: 69/70 MP: 7/7
  4340 | D:5      | Reached skill level 6 in Fighting
  4340 | D:5      | Reached skill level 5 in Armour
  4340 | D:5      | Reached skill level 5 in Shields
  4596 | D:5      | Reached skill level 5 in Axes
  5016 | D:6      | Reached XP level 9. HP: 29/78 MP: 8/8
  5025 | D:6      | Reached skill level 7 in Fighting
  5849 | D:6      | Identified the +2 robe of Zin's Generosity {Int+2 Stlth+}
  6070 | D:7      | Found a staircase to the Ecumenical Temple.
  6074 | Temple   | Entered the Ecumenical Temple
  6142 | Temple   | Became a worshipper of Gozag Ym Sagoz the Greedy
  6193 | D:7      | Found a sand-covered staircase.
  6204 | Ossuary  | Entered an ossuary
  7160 | D:7      | Slain by an orc warrior

Illustrated notes

Levels and vault maps discovered:
D:1:      dpeg_arrival_houses_and_road, layout_rooms, serial_bayou,
          serial_bayou_pond_a, serial_bayou_pond_e, serial_bayou_pond_d,
          serial_bayou_pond_d, serial_bayou_pond_d,
          ebering_ecumenical_altar_petrified
D:2:      minmay_recursive_quarters, layout_loops_ring, serial_shops, shop,
          basic_altar
D:3:      layout_rooms, mainiacjoe_overflow_cross_hatched,
          minmay_misc_feat_enclosed, minmay_distorted, uniq_jessica, uniq_ijyb,
          uniq_terence
D:4:      layout_gridville, nicolae_overflow_quartered_altars, minivault_27,
          hangedman_decor_diamond_cutter
D:5:      layout_gridville, mainiacjoe_overflow_24_doors
D:6:      layout_loops_ring, tso_oasis_becter
D:7:      layout_loops_corners, grunt_temple_overflow_open,
          minmay_temple_entry_grid, enter_ossuary_4
Temple:   dpeg_three_leaves_temple

Skill      XL: |  1  2  3  4  5  6  7  8  9 |
---------------+----------------------------+-----
Axes           | 2 3 4 5 6 |  6.2
Armour         | 3 4 5 6 |  6.5
Shields        | 3 4 5 6 |  6.5
Fighting       | 4 5 6 7 |  7.9

Action                   |  1- 3 |  4- 6 |  7- 9 || total
-------------------------+-------+-------+-------++-------
Melee: War axe           |    84 |   233 |   442 ||   759
       Trident           |       |       |    18 ||    18
  Use: Scroll            |       |       |    10 ||    10
Armor: Scale mail        |    41 |     9 |       ||    50
       Plate armour      |       |   194 |   303 ||   497
Dodge: Dodged            |    55 |    68 |   268 ||   391
Block: Buckler           |     8 |    53 |   121 ||   182

Table legend: (Time is in decaauts)
 A = Elapsed time spent in this place.
 B = Non-inter-level travel time spent in this place.
 C = Inter-level travel time spent in this place.
 D = Time resting spent in this place.
 E = Time spent auto-exploring this place.
 F = Levels seen in this place.
 G = Mean time per level.
                   A        B        C        D        E       F      G
               +--------+--------+--------+--------+--------+-----+--------+
         Total |   7398 |   7269 |    129 |    567 |   4951 |   9 |  822.0 |
       Dungeon |   6360 |   6231 |    129 |    567 |   4206 |   7 |  908.6 |
        Temple |     81 |     81 |      0 |      0 |     58 |   1 |   81.0 |
       Ossuary |    955 |    955 |      0 |      0 |    687 |   1 |  955.0 |
               +--------+--------+--------+--------+--------+-----+--------+

Top non-repeatable levels by time:
     D:2: 1390 daAuts
     D:6: 1271 daAuts
     D:5: 1202 daAuts
 Ossuary: 955 daAuts
     D:4: 947 daAuts
     D:1: 729 daAuts
     D:3: 712 daAuts
     D:7: 106 daAuts
  Temple: 81 daAuts
